 Dungeon Crawl Stone Soup version 0.31-a0-435-g2c6fae2916 (webtiles) character file.

Game seed: 323676514953396129

303 kae the Changeling (level 6, -16/56 HPs)
             Began as a Naga Shapeshifter on Aug 1, 2023.
             Demolished by an ogre
             ... wielding a +0 giant spiked club
              (25 damage)
             ... on level 6 of the Dungeon.
             The game lasted 00:02:46 (2094 turns).

kae the Changeling (Naga Shapeshifter)              Turns: 2094, Time: 00:02:46

Health: -16/56     AC: 14    Str: 18    XL:     6   Next: 38%
Magic:  6/6        EV:  8    Int:  8    God:
Gold:   100        SH:  0    Dex: 13    Spells: 5/5 levels left

rFire   + .          .
                       - Unarmed
rCold   + . .        (no shield)
rNeg    . . .        a - +1 animal skin
rPois   +            (no helmet)
rElec   +            (no cloak)
rCorr   +            (no gloves)
SInv    +            g - +6 lightning scales {swift, rElec}
Will    .....        q - amulet of magic regeneration
Stlth   +            (no ring)
HPRegen 0.29/turn    (no ring)
MPRegen 0.50/turn

%: no passive effects
@: resistant, slow
A: AC +2, large, see invisible, deformed body, poison resistance, slowness 2,
spit poison 1, naga tail 1
a: Spit Poison


You were on level 6 of the Dungeon.
You visited 1 branch of the dungeon, and saw 5 of its levels.

You collected 100 gold pieces.


Innate Abilities, Weirdness & Mutations

Your serpentine skin is tough. (AC +2)
You have supernaturally acute eyesight. (SInv)
Armour fits poorly on your strangely shaped body.
Your system is resistant to poisons. (rPois)
You cover ground very slowly.
You can spit poison.
You have a snake-like lower body.


   Skills:
 + Level 3.1 Fighting
 - Level 1.5 Dodging
 + Level 4.2 Unarmed Combat
 * Level 4.7 Shapeshifting


You had 5 spell levels left.
You didn't know any spells.
Your spell library contained the following spells:

 Spells                   Type           Power      Damage    Failure   Level
 Blink                    Tloc           0%         N/A       54%         2
 Ensorcelled Hibernation  Hex/Ice        0%         N/A       54%         2
 Anguish                  Hex/Necr       0%         N/A       99%         4
 Manifold Assault         Tloc           0%         N/A       99%         4

Inventory:

Missiles
 d - 41 stones
 j - 6 javelins
 k - 10 boomerangs
Armour
 a - a +1 animal skin (worn)
 g - the +6 lightning scales (worn) {swift, rElec}
   (You acquired it on level 2 of the Dungeon)

   Swift:     It allows the wearer to cover ground more swiftly.
   rElec:     It insulates you from electricity.
Jewellery
 q - an amulet of magic regeneration (around neck)
   (You found it on level 3 of the Dungeon)
Talismans
 c - a beast talisman
Wands
 m - a wand of mindburst (15)
   (You found it on level 2 of the Dungeon)
Scrolls
 f - 2 scrolls of enchant weapon
Potions
 e - 4 potions of curing {@q1}
 h - 3 potions of heal wounds {unknown}
 i - a potion of mutation {!q}

Dungeon Overview and Level Annotations

Branches:
Dungeon (4/15) Zot: 26831
 Temple: D:4-7

Altars:

... ## ...#
########..#
....###.........##
.....#.....O.....#
#..#....@....$c.
#..............
##..$.........#
#............#
#............#
#............#
#............#
##...........# #
##..........#


You could see an ogre and a centaur.


Message History

You hit the orc.
You kill the orc!
You hit the orc.
The hound bites you but does no damage. x2
The orc closely misses you.
You barely miss the orc. The hound bites you but does no damage.
The orc hits you but does no damage.
You closely miss the orc. The hound completely misses you. The hound bites you.
The orc hits you but does no damage.
You closely miss the orc. The hound bites you but does no damage.
The orc hits you but does no damage. 😕 HP[-1]
You take 1 damage, and now have 55/56 hp.
You hit the hound but do no damage. The hound bites you. 😕 HP[-2]
You take 2 damage, and now have 53/56 hp.
You closely miss the hound. The hound barely misses you.
The orc hits you but does no damage. The hound bites you. 😕 HP[-2]
You take 2 damage, and now have 51/56 hp.
You hit the orc.
You kill the orc!
The hound barely misses you.
You hit the hound.
The hound bites you but does no damage. 😕 HP[+1]
The hound attacks as you move away! The hound bites you.
The hound barely misses you.
Items here: ))) [[ ††. 😕 HP[-4]
You take 4 damage, and now have 48/56 hp.
You closely miss the hound. The hound barely misses you.
The hound bites you but does no damage.
You closely miss the hound. Your punch misses the hound.
The hound bites you but does no damage. 😕 HP[+1]
You hit the hound but do no damage. The hound completely misses you.
The hound barely misses you.
You hit the hound. The hound bites you but does no damage.
You hit the hound. The hound bites you but does no damage.
You hit the hound.
You kill the hound!
No target in view! 😕 HP[+1] No target in view!
No target in view!
Key pressed, stopping explore.
Unknown command. 😎 HP[+6]
Your hp is fully restored (56).
Items here: ))) [[ ††.
An ogre comes into view. It is wielding a +0 giant spiked club.
You see here 16 gold pieces.
Unknown command.
An ogre is nearby!
Unknown command.
An ogre is nearby!
An ogre is nearby!
Aiming: Spit Poison (1% risk of failure)
Press: ? - help, Shift-Dir - straight line, f - ogre
Aim: an ogre, wielding a +0 giant spiked club (81% to hit)
The splash of poison hits the ogre.
The ogre is poisoned.
A centaur comes into view.
The centaur shouts!
The centaur wields a +0 orcbow.
The centaur shoots an arrow.
The arrow hits you. The ogre closely misses you.
The centaur shoots an arrow.
The arrow hits you!
You hit the ogre but do no damage.
The centaur shoots an arrow.
The arrow hits you!
The ogre hits you with a +0 giant spiked club!
* * * LOW HITPOINT WARNING * * *
😨 HP[-33]
You take 33 damage, and now have 23/56 hp.
MASSIVE DAMAGE!! (PAUSE)
Okay, then.
Okay, then.
Aiming: Mindburst
Press: ? - help, Shift-Dir - straight line, f/p - ogre
Aim: an ogre, wielding a +0 giant spiked club (moderately wounded, poisoned, chance to affect: 64%)
The ogre struggles to resist.
The centaur shoots an arrow.
The arrow hits you.
* * * LOW HITPOINT WARNING * * *
The centaur shoots an arrow.
The arrow hits you but does no damage. 😨 HP[-3]
You take 3 damage, and now have 20/56 hp.
Unknown command.
Unknown command.
Okay, then.
Aiming: Mindburst
Press: ? - help, Shift-Dir - straight line, f/p - ogre
Aim: an ogre, wielding a +0 giant spiked club (moderately wounded, poisoned, chance to affect: 64%)
The ogre struggles to resist.
The ogre looks more healthy.
The ogre hits you with a +0 giant spiked club!
* * * LOW HITPOINT WARNING * * *
The centaur shoots an arrow.
The arrow hits you but does no damage. 😱 HP[-12]
You take 12 damage, and now have 8/56 hp.
MASSIVE DAMAGE!! (PAUSE) It was a potion of resistance.
You feel protected.
You have got your breath back.
The ogre hits you with a +0 giant spiked club!!
You die...

Skill      XL: |  1  2  3  4  5 |
---------------+----------------+-----
Fighting       | 2 3 |  3.1
Shapeshifting  | 4 |  4.7
Unarmed Combat | 4 |  4.2
Dodging        | |  1.5

Action                     |  1- 3 |  4- 6 || total
---------------------------+-------+-------++-------
  Melee: Unarmed           |    82 |    94 ||   176
Ability: Spit Poison       |    14 |    14 ||    28
         Begin Untransform |     1 |       ||     1
  Evoke: Wand              |       |     4 ||     4
    Use: Scroll            |     2 |     8 ||    10
         Potion            |       |     2 ||     2
 Armour: Animal skin       |    45 |    62 ||   107
         Skin              |       |    12 ||    12
  Dodge: Dodged            |    25 |    39 ||    64

Levels and vault maps discovered:
D:1:      saegor_arrival_simple_e, layout_basic,
          hellmonk_ecumenical_altar_inner_sanctum, serial_rivers,
          chequers_serial_rivers_small_a, chequers_serial_rivers_micro_e,
          chequers_serial_rivers_small_3, chequers_serial_rivers_micro_b,
          st_stairs_11, due_unseen_surprise
D:2:      layout_rooms
D:3:      layout_rooms, nrook_mini_vaults, st_stairs_3
D:4:      layout_basic, nicolae_ru_great_annihilating_truth,
          grunt_gozag_breadcrumbs, hangedman_abyss_or_decor_lesser_grid
D:6:      layout_cave_pods, serial_shops, shop, wad_floor_pattern_untrapped,
          st_stairs_12, minmay_shop_grid_forest, nicolae_fountain_basement

Notes
Turn   | Place    | Note
-------+----------+-------------------------------------------
     0 | D:1      | kae the Naga Shapeshifter began the quest for the Orb.
     0 | D:1      | Reached XP level 1. HP: 18/18 MP: 1/1
     0 | D:1      | magus.rc [v1.11.3]
   254 | D:1      | Reached XP level 2. HP: 25/25 MP: 2/2
   347 | D:1      | You pick up a book of Dreams and begin reading...
   347 | D:1      | You add the spells Ensorcelled Hibernation and Anguish to
                  | your library.
   471 | D:1      | Found a faded altar of an unknown god.
   807 | D:2      | Identified a scroll of acquirement
   807 | D:2      | Acquired the +6 lightning scales {swift, rElec}
   807 | D:2      | Found the +6 lightning scales {swift, rElec}
   890 | D:2      | Reached XP level 3. HP: 22/31 MP: 3/3
   895 | D:2      | You add the spells Blink and Manifold Assault to your
                  | library.
  1052 | D:2      | Reached skill level 2 in Fighting
  1052 | D:2      | Reached XP level 4. HP: 16/39 MP: 4/4
  1553 | D:3      | Reached skill level 4 in Shapeshifting
  1773 | D:3      | Reached XP level 5. HP: 46/46 MP: 5/5
  1937 | D:4      | You fall into a shaft and drop 2 floors!
  1938 | D:6      | Noticed a wraith
  1956 | D:6      | Killed a wraith
  1957 | D:6      | Reached skill level 3 in Fighting
  1957 | D:6      | Reached skill level 4 in Unarmed Combat
  1957 | D:6      | Reached XP level 6. HP: 54/56 MP: 6/6
  2093 | D:6      | HP: 8/56 [ogre/+0 giant spiked club (12)]
  2094 | D:6      | Demolished by an ogre

Vanquished Creatures
  A wraith (D:6)
  A hound (D:6)
  An orc wizard (D:2)
  4 adders
  11 orcs
  7 bats
  7 endoplasms
  5 goblins
  4 hobgoblins
  2 jackals (D:2)
  6 ball pythons
  5 frilled lizards
  6 kobolds
  3 rats
63 creatures vanquished.

Table legend:
 A = Non-vault XP
 B = Vault XP
 C = Vault XP percentage of total XP
 D = Non-vault monster count
 E = Vault monster count
 F = Vault count percentage of total count
                 A         B        C        D         E       F
            +---------+---------+-------+---------+---------+-------
      Total |     424 |       9 |   2.1 |      58 |       5 |   7.9
            +---------+---------+-------+---------+---------+-------
        D:1 |      21 |       5 |  19.2 |      15 |       3 |  16.7
        D:2 |     104 |       0 |   0.0 |      26 |       0 |   0.0
        D:3 |      46 |       4 |   8.0 |      12 |       2 |  14.3
        D:6 |     253 |       0 |   0.0 |       5 |       0 |   0.0
            +---------+---------+-------+---------+---------+-------

Skill      XL: |  1  2  3  4  5 |
---------------+----------------+-----
Fighting       | 2 3 |  3.1
Shapeshifting  | 4 |  4.7
Unarmed Combat | 4 |  4.2
Dodging        | |  1.5

Action                     |  1- 3 |  4- 6 || total
---------------------------+-------+-------++-------
  Melee: Unarmed           |    82 |    94 ||   176
Ability: Spit Poison       |    14 |    14 ||    28
         Begin Untransform |     1 |       ||     1
  Evoke: Wand              |       |     4 ||     4
    Use: Scroll            |     2 |     8 ||    10
         Potion            |       |     2 ||     2
 Armour: Animal skin       |    45 |    62 ||   107
         Skin              |       |    12 ||    12
  Dodge: Dodged            |    25 |    39 ||    64

Illustrated notes

Table legend:
 A = Kills in this place as a percentage of kills in the entire game.
 B = Kills by you in this place as a percentage of kills by you in the entire game.
 C = Kills by friends in this place as a percentage of kills by friends in the entire game.
 D = Other kills in this place as a percentage of other kills in the entire game.
 E = Experience gained in this place as a percentage of experience gained in the entire game.
 F = Experience gained in this place divided by the number of levels of this place that you have seen.
                   A       B       C       D       E      F
               +-------+-------+-------+-------+-------+----------------------
         Total | 100.0 | 100.0 |   N/A |   N/A | 100.0 |  86.6
       Dungeon | 100.0 | 100.0 |   N/A |   N/A | 100.0 |  86.6
               +-------+-------+-------+-------+-------+----------------------

Table legend: (Time is in decaauts)
 A = Elapsed time spent in this place.
 B = Non-inter-level travel time spent in this place.
 C = Inter-level travel time spent in this place.
 D = Time resting spent in this place.
 E = Time spent auto-exploring this place.
 F = Levels seen in this place.
 G = Mean time per level.
                   A        B        C        D        E       F      G
               +--------+--------+--------+--------+--------+-----+--------+
         Total |   2523 |   2391 |    132 |     56 |   1871 |   5 |  504.6 |
       Dungeon |   2523 |   2391 |    132 |     56 |   1871 |   5 |  504.6 |
               +--------+--------+--------+--------+--------+-----+--------+

Top non-repeatable levels by time:
     D:1: 1077 daAuts
     D:2: 726 daAuts
     D:3: 542 daAuts
     D:6: 167 daAuts
     D:4: 9 daAuts
